Match 24512419
Unlisted

Match 24512419
End
Construct Infanterie Kompanie
MG 42 Machine Gun Team
Grenadier Squad
Grenadier Squad
MG 42 Machine Gun Team
Construct Panzergrenadier Kompanie
Infanterie Officer Quarters
Panzergrenadier Squad
Support Elements
Pak 40 Anti-tank Gun Team
StuG III G Assault Gun
Selects Mechanized Battlegroup
Selects Raid Package
StuG III G Assault Gun
Selects StuG Assault Group
StuG Assault Group
Construct Panzer Kompanie
Pak 40 Anti-tank Gun Team
Selects Panther Heavy Tank
Panzer IV Medium Tank
Pak 40 Anti-tank Gun Team
Selects Mobile Repair Stations
Selects Stoßtruppen Assault Package
Panzer IV Medium Tank
Panzergrenadier Squad
Selects Zeroing Artillery Barrage
Zeroing Artillery Barrage
Stoßtruppen Squad
Zeroing Artillery Barrage
Kmc.artist
Smokey
gb_gbg
SneaKerz
0
0

Comments sign in to comment!

No comments posted yet!